 Dungeon Crawl Stone Soup version 0.24-a0-537-g2d01d4ab0a (webtiles) character file.

Game seed: 7983124827196636979

0 Gargoyl the Skirmisher (level 1, -3/19 HPs)
             Began as a Centaur Abyssal Knight on Aug 12, 2019.
             Was a Follower of Lugonu.
             Slain by a thrashing horror (14 damage)
             ... on level 1 of the Abyss.
             The game lasted 00:00:53 (309 turns).

Gargoyl the Skirmisher (Centaur Abyssal Knight)      Turns: 309, Time: 00:00:54

Health: -3/19      AC:  4    Str: 13 (14) XL:     1   Next: 0%
Magic:  2/2        EV:  9    Int:  9 (11) God:    Lugonu [*.....]
Gold:   16         SH:  0    Dex:  4 (8)  Spells: 0/0 levels left

rFire    . . .     SeeInvis .   a - +2 hand axe
rCold    . . .     Gourm    .   (no shield)
rNeg     . . .     Faith    .   b - +0 leather armour
rPois    .         Spirit   .   (no helmet)
rElec    .         Reflect  .   (no cloak)
rCorr    .         Harm     .   (no gloves)
MR       .....                  (no barding)
Stlth    ..........             (no amulet)
HPRegen  0.06/turn              (no ring)
MPRegen  0.08/turn              (no ring)

@: very quick
A: large, hooves 3, deformed body, speed 2, tough skin 3
a: Depart the Abyss, Renounce Religion


You were on level 1 of the Abyss.
You worshipped Lugonu.
Lugonu was aware of your devotion.
You were not hungry.

You visited 0 branches of the dungeon, and saw 0 of its levels.
You visited the Abyss 1 time.

You collected 16 gold pieces.

Inventory:

Hand Weapons
 a - a +2 hand axe (weapon)
Armour
 b - a +0 leather armour (worn)
Comestibles
 c - a ration


   Skills:
 + Level 3.0 Fighting
 + Level 1.7 Axes
 + Level 1.3 Armour
 + Level 0.6 Dodging
 + Level 2.0 Invocations


You couldn't memorise any spells.
You didn't know any spells.
Your spell library was empty.

Dungeon Overview and Level Annotations

Branches:
Dungeon (0/15)

Altars:


Innate Abilities, Weirdness & Mutations

You have hooves in place of feet.
Armour fits poorly on your strangely shaped body.
You cover ground very quickly.
You have extremely tough skin. (AC +3)


Message History

Found a scroll labeled ASHRIKK SIAGEO.
You see here a scroll labeled ASHRIKK SIAGEO.
d - a scroll labeled ASHRIKK SIAGEO The quasit barely misses you.
The quasit claws you.
You feel clumsy. The quasit claws you.
As you read the scroll labeled ASHRIKK SIAGEO, it crumbles to dust.
It is a scroll of enchant weapon.
Your +1 hand axe glows red for a moment.
The quasit bites you but does no damage.
The quasit claws you. The quasit barely misses you.
The thrashing horror roars!
A hell knight comes into view.
It is wielding a +4 glaive and wearing a +0 plate armour of fire resistance.
The hell knight shouts!
A quasit comes into view.
The thrashing horror tramples you.
You stumble backwards!
The thrashing horror roars!
The thrashing horror tramples you!
Ouch! That really hurt!
You die...

## .§X . . #. #..##
##.# .###..##. #.. .
#. #.# .... ##
##...#.## ..##.# ####
...#..#.###.#.#..#..
...###...X.xG .#5#
#.##5#.####...#..
####...#.#.#..###..#
#..@X###....#.#... .
#...#.#.?#.#.#p§.#.. #
#...#..###...5#......#
#.. ##.. ###.#. .####.
#. .#. ..###. # # . #.
## .# .. # ## .#


You could see a thrashing horror and a quasit.

Vanquished Creatures (others)
  4 starspawn tentacles (Abyss:1)
4 creatures vanquished.

Notes
Turn   | Place    | Note
-------+----------+-------------------------------------------
     0 | Abyss:1  | Gargoyl the Centaur Abyssal Knight began the quest for the
                  | Orb.
     0 | Abyss:1  | Reached XP level 1. HP: 19/19 MP: 2/2
    26 | Abyss:1  | Found a corrupted altar of Lugonu.
   141 | Abyss:1  | Found a corrupted altar of Lugonu.
   189 | Abyss:1  | Noticed a ynoxinul
   190 | Abyss:1  | Noticed a small abomination
   202 | Abyss:1  | Noticed a rust devil
   254 | Abyss:1  | Noticed a neqoxec
   273 | Abyss:1  | Noticed a quasit
   275 | Abyss:1  | Noticed a tentacled starspawn
   277 | Abyss:1  | Noticed a great orb of eyes
   302 | Abyss:1  | Noticed a thrashing horror
   305 | Abyss:1  | Noticed a hell knight
   306 | Abyss:1  | Noticed a quasit
   309 | Abyss:1  | Slain by a thrashing horror

Levels and vault maps discovered:
Abyss:1

Action                   || total
-------------------------++-------
  Use: Scroll            ||     2
       Potion            ||     1
Armor: Leather armour    ||     3
Dodge: Dodged            ||     3

Table legend:
 A = Non-vault XP
 B = Vault XP
 C = Vault XP percentage of total XP
 D = Non-vault monster count
 E = Vault monster count
 F = Vault count percentage of total count
                 A         B        C        D         E       F
            +---------+---------+-------+---------+---------+-------
      Total |       0 |       0 |   N/A |       0 |       0 |  -nan
            +---------+---------+-------+---------+---------+-------
            +---------+---------+-------+---------+---------+-------
